 Dungeon Crawl Stone Soup version 0.27.1-3-gb3d3a73c9e (webtiles) character file.

Game seed: 8937103623549124724

105599 MisterFreud the Corrupter of Planes (level 15, -3/136 HPs)
             Began as a Minotaur Abyssal Knight on Oct 18, 2021.
             Was the Champion of Lugonu.
             Slain by a sphinx (5 damage)
             ... while paralysed by a sphinx
             ... on level 14 of the Dungeon.
             The game lasted 00:35:40 (20062 turns).

MisterFreud the Corrupter of Planes (MiAK)         Turns: 20062, Time: 00:35:41

Health: -3/136     AC: 20    Str: 24    XL:     15   Next: 95%
Magic:  25/25      EV:  2    Int:  9    God:    Lugonu [******]
Gold:   1041       SH:  0    Dex: 12    Spells: 14/14 levels left

rFire    x . .     SeeInvis .   C - +4 scimitar (flame)
rCold    . . .     Faith    .   A - +0 kite shield
rNeg     + . .     Spirit   .   B - +1 plate armour "Peocriet" {rF- Regen+ Str+3}
rPois    +         Reflect  +   (helmet restricted)
rElec    .         Harm     .   (no cloak)
rCorr    .         Rampage  +   f - +0 pair of gloves
Will     +....                  M - +2 pair of boots {rampage}
Stlth    ..........             x - amulet "Wekyor" {Reflect rPois rN+ Regen+ SH+5}
HPRegen  2.32/turn              W - +4 ring of slaying
MPRegen  0.19/turn              U - +4 ring of slaying

@: paralysed, studying Crossbows
A: horns 2, retaliatory headbutt
a: Renounce Religion, Depart the Abyss, Bend Space, Banish, Corrupt, Enter the
Abyss, Brand Weapon With Distortion


You were on level 14 of the Dungeon.
You worshipped Lugonu.
Lugonu was exalted by your worship.
You visited 2 branches of the dungeon, and saw 20 of its levels.
You visited the Abyss 1 time.
You also visited: Gauntlet.

You collected 1330 gold pieces.
You spent 289 gold pieces at shops.

Inventory:

Hand Weapons
 C - a +4 scimitar of flaming (weapon)
 E - a +3 morningstar of venom
 L - the +8 trident of the Octopus King {venom, rElec rPois Will+}
   (You found it on level 6 of the Lair of Beasts)

   It poisons the flesh of those it strikes.
   rElec:     It insulates you from electricity.
   rPois:     It protects you from poison.
   Will:      It increases your willpower.
Missiles
 p - 9 silver javelins
 s - 40 poisoned darts (quivered)
 D - 13 boomerangs
 K - 4 curare-tipped darts
 N - 5 javelins
 S - 3 throwing nets
Armour
 d - the +0 chain mail of Moral Flaws {rPois Will+ SInv}
   (You acquired it on level 6 of the Lair of Beasts)

   rPois:     It protects you from poison.
   SInv:      It lets you see invisible.
   Will:      It increases your willpower.
 f - a +0 pair of gloves (worn)
 A - a +0 kite shield (worn)
 B - the +1 plate armour "Peocriet" (worn) {rF- Regen+ Str+3}
   (You found it on level 5 of the Dungeon)

   Str:       It affects your strength (+3).
   rF:        It makes you vulnerable to fire.
   Regen:     It increases your rate of health regeneration.
 M - a +2 pair of boots of rampaging (worn)
Jewellery
 b - a ring of positive energy
 x - the amulet "Wekyor" (around neck) {Reflect rPois rN+ Regen+ SH+5}
   (You found it on level 6 of the Lair of Beasts)

   [amulet of reflection]

   It reflects blocked missile attacks.
   rPois:     It protects you from poison.
   rN:        It protects you from negative energy.
   Regen:     It increases your rate of health regeneration.
   SH:        It affects your SH (+5).
 y - a ring of protection from cold
 U - a +4 ring of slaying (right hand)
 W - a +4 ring of slaying (left hand)
 X - the ring of Sajoruxe {rPois rN+ rCorr EV+4 Int+3}
   (You found it in a Gauntlet)

   [ring of evasion]

   EV:        It affects your evasion (+4).
   Int:       It affects your intelligence (+3).
   rPois:     It protects you from poison.
   rN:        It protects you from negative energy.
   rCorr:     It protects you from acid and corrosion.
 Y - a ring of positive energy
Wands
 j - a wand of flame (30)
 z - a wand of mindburst (15)
 H - a wand of charming (12)
 R - a wand of paralysis (14)
Scrolls
 e - a scroll of torment
 h - a scroll of blinking
 m - 4 scrolls of identify
 o - 3 scrolls of enchant weapon
 q - a scroll of brand weapon
 r - 2 scrolls of fear
 u - 3 scrolls of enchant armour
 w - 5 scrolls of teleportation
 F - 2 scrolls of fog
 G - 4 scrolls of amnesia
 J - a scroll of summoning
 O - 4 scrolls of silence
 T - 2 scrolls of magic mapping
Potions
 c - 2 potions of might
 g - 4 potions of mutation
 k - 10 potions of curing
 n - 3 potions of heal wounds
 t - a potion of invisibility
 v - 3 potions of lignification
 I - 4 potions of cancellation
 P - 2 potions of flight
 Q - 4 potions of magic
 V - 2 potions of ambrosia
 Z - a potion of haste
Miscellaneous
 a - a box of beasts
 i - a condenser vane
 l - a lightning rod (4/4)


   Skills:
 + Level 13.2 Fighting
 - Level 14.0 Long Blades
 - Level 10.0 Throwing
 - Level 10.0 Armour
 - Level 1.1 Dodging
 - Level 15.0 Shields
 - Level 15.0 Invocations
 - Level 5.0 Evocations


You had 14 spell levels left.
You didn't know any spells.
Your spell library contained the following spells:

 Spells                   Type           Power      Damage    Failure   Level
 Foxfire                  Conj/Fire      0%         2x1d4     99%         1
 Magic Dart               Conj           0%         1d3       99%         1
 Sandblast                Erth           0%         2d4       99%         1
 Summon Small Mammal      Summ           0%         N/A       99%         1
 Call Imp                 Summ           0%         N/A       100%        2
 Ensorcelled Hibernation  Hex/Ice        0%         N/A       100%        2
 Passwall                 Tmut/Erth      0%         N/A       100%        2
 Slow                     Hex            0%         N/A       100%        2
 Call Canine Familiar     Summ           0%         N/A       100%        3
 Confusing Touch          Hex            0%         N/A       100%        3
 Conjure Flame            Conj/Fire      0%         6-21      100%        3
 Dazzling Flash           Conj/Hex       0%         N/A       100%        3
 Gell's Gravitas          Tloc           0%         N/A       100%        3
 Inner Flame              Hex/Fire       0%         N/A       100%        3
 Lesser Beckoning         Tloc           0%         N/A       100%        3
 Mephitic Cloud           Conj/Pois/Air  0%         N/A       100%        3
 Portal Projectile        Hex/Tloc       0%         N/A       100%        3
 Spider Form              Tmut/Pois      0%         N/A       100%        3
 Summon Guardian Golem    Hex/Summ       0%         N/A       100%        3
 Teleport Other           Tloc           0%         N/A       100%        3
 Tukima's Dance           Hex            0%         N/A       100%        3
 Vampiric Draining        Necr           0%         2d6       100%        3
 Animate Dead             Necr           0%         N/A       100%        4
 Iskenderun's Mystic Bla  Conj/Tloc      0%         2d3       100%        4
 Passage of Golubria      Tloc           N/A        N/A       100%        4
 Blade Hands              Tmut           0%         N/A       100%        5
 Excruciating Wounds      Necr           0%         N/A       100%        5
 Lee's Rapid Deconstruct  Erth           0%         3d5*      100%        5
 Summon Forest            Summ/Tloc      0%         N/A       100%        5
 Summon Mana Viper        Hex/Summ       0%         N/A       100%        5
 Yara's Violent Unravell  Hex/Tmut       0%         3d3       100%        5
 Shadow Creatures         Summ           N/A        N/A       100%        6
 Starburst                Conj/Fire      0%         6d3       100%        6
 Haunt                    Necr/Summ      0%         N/A       100%        7
 Infestation              Necr           0%         N/A       100%        8


Dungeon Overview and Level Annotations

Branches:
Dungeon (14/15)            Temple (0/1) D:7            Lair (6/6) D:11
  Swamp (0/4) Lair:4        Snake (0/4) Lair:4        Slime (0/5) Lair:5
    Orc (0/2) D:11         Vaults (0/5) D:13        Gauntlet (visited)

Altars:
Ashenzari
Cheibriados
Dithmenos
Fedhas
Hepliaklqana
Kikubaaqudgha
Makhleb
Nemelex Xobeh
Qazlal
Sif Muna
Uskayaw
Vehumet
Wu Jian
Xom
Yredelemnul
Zin
The Shining One
Jiyva

Shops:
D:1 ?   D:7 :   D:8 :!*   D:12 (   D:13 =

Annotations:
D:5 1 runed translucent door, 15bullets's ghost, novice TrMo
D:9 5 runed translucent doors
D:12 2 transporters, Crownlay's ghost, journeyman GrEE
Lair:6 exclusion: oklob plant


Innate Abilities, Weirdness & Mutations

You have a pair of horns on your head.
You reflexively headbutt those who attack you in melee.


Message History

Unknown command.
Unknown command.
The sphinx hits you!
The sphinx hits you but does no damage. x2
Items here: ( )) [.
The sphinx hits you but does no damage. x3
The orc knight hits you from afar with a +3 glaive!
An ettin comes into view.
It is wielding a +1 dire flail of holy wrath and a +0 dire flail.
You bump into the rock wall.
The sphinx hits you but does no damage. x3
The orc knight hits you from afar with a +3 glaive!
An ettin comes into view.
It is wielding a +0 dire flail and a +0 great mace.
You bump into the rock wall.
The sphinx hits you. x2
The sphinx hits you but does no damage.
The orc knight hits you from afar with a +3 glaive!!
You bump into the rock wall.
You feel less confused.
The sphinx casts a spell.
You suddenly lose the ability to move!
The orc knight hits you from afar with a +3 glaive.
The sphinx hits you but does no damage. x2; The sphinx hits you!
The orc knight hits you from afar with a +3 glaive!
The sphinx hits you.
* * * LOW HITPOINT WARNING * * *
The sphinx hits you but does no damage. x2
A wolf spider comes into view.
The orc knight hits you from afar with a +3 glaive!!
* * * LOW HITPOINT WARNING * * *
The sphinx hits you but does no damage. x3
The orc knight hits you but does no damage.
The sphinx mumbles some strange words.
You struggle to resist.
The sphinx hits you.
* * * LOW HITPOINT WARNING * * *
The sphinx hits you but does no damage. The sphinx hits you.
* * * LOW HITPOINT WARNING * * *
The orc knight hits you from afar with a +3 glaive!!
* * * LOW HITPOINT WARNING * * *
The sphinx barely misses you. The sphinx hits you.
* * * LOW HITPOINT WARNING * * *
The sphinx hits you.
You die...

#.............#.....# #
#.............#####.# #
######.............'.....# #
#..................#########
#.##....##..###'#######.....
#....................##.###.
#..##########.≈......##.#...
#..#..#sC#.)#..≈≈....##.#.#.
#..#..oCooH@#..≈≈.....#.#.#.
#..##'####'##......!..#.#.(.
#..# #..#.....(...#.####
#..# #..#.........#.....
#..# #'##.#######(......
#..# #..#.# ######## #..#
#..#.# #..########'#.# ##
#..........[..# #.


You could see a sphinx, 2 orc knights, 2 ettins, a wolf spider and an orc
(strong).

Vanquished Creatures
  Jorgrun (D:14)
  Nessos (Lair:4)
  Azrael (D:12)
  A minotaur (Gauntlet)
  Josephine (Lair:4)
  Fannar (Lair:1)
  7 hydras
  An ogre mage (D:13)
  Harold (D:10)
  2 catoblepae
  A merfolk avatar (Lair:6)
  6 boulder beetles
  A centaur warrior (D:14)
  2 dancing weapons (D:13)
  21 death yaks
  8 two-headed ogres
  A tengu warrior (D:14)
  Sonja (D:10)
  5 skeletal warriors
  Nergalle (Lair:4)
  A deep elf archer (D:14)
  A sea snake (Lair:6)
  2 bog bodies (Lair:4)
  Pikel (D:5)
  A harpy (Lair:6)
  A lindwurm (Lair:3)
  5 cyclopes
  11 ugly things
  2 manticores
  Joseph (Lair:1)
  Maurice (D:12)
  5 black mambas
  13 elephants
  16 cane toads
  Maggie (Lair:2)
  2 kobold demonologists
  7 rime drakes
  14 komodo dragons
  An efreet (Gauntlet)
  An ice devil (Gauntlet)
  7 polar bears
  3 meliai (D:13)
  8 trolls
  2 wind drakes (Lair:6)
  A polar bear (shapeshifter) (D:14)
  2 hornets
  4 slime creatures (D:12)
  A meliai zombie (D:11)
  33 blink frogs
  A vampire (D:14)
  Sigmund (D:2)
  6 wraiths
  2 spriggans (Lair:5)
  3 shadows
  A water elemental (D:14)
  5 wyverns
  46 yaks
  5 basilisks
  8 fire elementals
  2 steam dragons (Lair:6)
  10 vampire mosquitoes
  A naga (Lair:4)
  A warg (D:14)
  13 water moccasins
  2 acid dragons
  2 hell hounds
  3 orc warriors (D:10)
  A sky beast (D:7)
  2 ice beasts
  3 black bears
  4 ogres
  25 wolves
  3 necrophages (D:8)
  4 centaurs
  3 phantoms
  2 lemures (D:5)
  A kobold brigand (D:6)
  11 bullfrogs
  A gnoll sergeant (D:13)
  4 two-headed ogre simulacra (D:11)
  A wyvern zombie (D:8)
  A water moccasin skeleton (D:7)
  2 troll zombies (D:11)
  3 killer bees (D:11)
  14 wights
  2 howler monkeys (D:12)
  3 electric eels
  A bullfrog zombie (D:5)
  A crimson imp (D:8)
  6 centaur zombies
  A bullfrog skeleton (D:7)
  A gnoll shaman (D:8)
  8 hounds
  2 jellies
  2 centaur skeletons (D:6)
  A human zombie (D:8)
  2 orc priests
  A scorpion zombie (D:5)
  7 orc wizards
  4 hell rats
  Terence (D:2)
  A spriggan simulacrum (D:11)
  2 killer bee zombies (D:8)
  6 ogre zombies (D:11)
  2 human simulacra (D:12)
  A hound zombie (D:5)
  2 howler monkey zombies
  A mummy (D:8)
  7 adders
  8 gnolls
  A shadow imp (D:6)
  3 white imps
  2 ufetubi
  3 dart slugs
  23 orcs
  5 ball pythons
  6 bats
  7 endoplasms
  2 giant cockroaches (D:3)
  9 goblins
  6 hobgoblins
  3 jackals
  2 quokkas
  2 frilled lizards
  A goblin skeleton (D:11)
  3 goblin zombies (D:11)
  3 hobgoblin skeletons (D:11)
  2 hobgoblin zombies (D:11)
  12 kobolds
  2 orc skeletons (D:11)
  14 orc zombies (D:11)
  7 rats
600 creatures vanquished.

Vanquished Creatures (others)
  2 slime creatures (D:12)
  A bush (Lair:6)
  21 fungi
  55 plants
  2 withered plants (D:5)
81 creatures vanquished.

Grand Total: 681 creatures vanquished

Notes
Turn   | Place    | Note
-------+----------+-------------------------------------------
     0 | Abyss:1  | MisterFreud the Minotaur Abyssal Knight began the quest for
                  | the Orb.
     0 | Abyss:1  | Reached XP level 1. HP: 19/19 MP: 1/1
    40 | D:1      | Escaped the Abyss
   192 | D:1      | Reached XP level 2. HP: 26/28 MP: 2/2
   242 | D:1      | Found Dumawaos's Magic Scroll Boutique.
   254 | D:1      | Found a faded altar of an unknown god.
  1063 | D:2      | Reached ** piety under Lugonu
  1142 | D:2      | Reached skill level 5 in Fighting
  1276 | D:2      | Noticed Sigmund
  1373 | D:2      | Killed Sigmund
  1374 | D:2      | Reached XP level 3. HP: 32/39 MP: 3/3
  1374 | D:2      | Reached XP level 4. HP: 39/47 MP: 4/4
  1374 | D:2      | Reached XP level 5. HP: 43/52 MP: 5/5
  1450 | D:2      | Noticed Terence
  1462 | D:2      | Killed Terence
  2493 | D:4      | Reached XP level 6. HP: 58/61 MP: 6/6
  2807 | D:4      | Found a radiant altar of Vehumet.
  2812 | D:4      | Noticed a water moccasin
  2832 | D:4      | Killed a water moccasin
  2833 | D:4      | Reached skill level 5 in Long Blades
  3094 | D:4      | Found a shimmering blue altar of Sif Muna.
  3134 | D:4      | Found an ornate altar of the Wu Jian Council.
  3179 | D:4      | Found an ancient bone altar of Kikubaaqudgha.
  3340 | D:4      | Found a snail-covered altar of Cheibriados.
  3375 | D:4      | Found a stormy altar of Qazlal.
  3430 | D:4      | Found a blossoming altar of Fedhas.
  3511 | D:5      | Entered Level 5 of the Dungeon
  3613 | D:5      | Reached *** piety under Lugonu
  3614 | D:5      | Reached XP level 7. HP: 68/68 MP: 7/7
  3828 | D:5      | Noticed Pikel
  3845 | D:5      | Killed Pikel
  3846 | D:5      | Reached XP level 8. HP: 36/74 MP: 8/8
  4080 | D:5      | Found a sparkling altar of Nemelex Xobeh.
  4097 | D:5      | Found a runed translucent door.
  4098 | D:5      | Noticed 15bullets's ghost (novice TrMo)
  4250 | D:5      | Reached skill level 10 in Long Blades
  4692 | D:5      | Identified the +1 plate armour "Peocriet" {rF- Regen+
                  | Str+3}
  5197 | D:6      | Reached skill level 5 in Armour
  5216 | D:6      | Reached XP level 9. HP: 81/81 MP: 9/9
  5229 | D:6      | Reached skill level 5 in Shields
  5294 | D:6      | Reached **** piety under Lugonu
  5377 | D:6      | Found a hazy altar of Hepliaklqana.
  5382 | D:6      | Found a shadowy altar of Dithmenos.
  6040 | D:7      | Found a staircase to the Ecumenical Temple.
  6184 | D:7      | Found Xoafiot's Book Boutique.
  6214 | D:7      | Identified the +3 flail of Juehy {antimagic, rCorr Dex+3}
  6354 | D:8      | Noticed a +0 short sword
  6354 | D:8      | Noticed a +0 falchion
  6384 | D:8      | Found Opiotsydgh's Book Shoppe.
  6554 | D:8      | Found a broken altar of Ashenzari.
  6575 | D:8      | Noticed a boulder beetle
  6599 | D:8      | Killed a boulder beetle
  6600 | D:8      | Reached XP level 10. HP: 88/88 MP: 10/10
  6637 | D:8      | Found Bonilim's General Store.
  6640 | D:8      | Reached ***** piety under Lugonu
  6662 | D:8      | Bought a +1 pair of boots of rampaging for 247 gold pieces
  6712 | D:8      | Found Xifig's Distillery.
  6720 | D:8      | Bought a potion of curing for 42 gold pieces
  6788 | D:8      | Noticed a +0 short sword
  6788 | D:8      | Noticed a +0 dagger
  6789 | D:8      | Noticed a +0 falchion
  6789 | D:8      | Noticed a +0 spear
  6789 | D:8      | Noticed a +0 dagger
  6789 | D:8      | Noticed a +0 spear
  6790 | D:8      | Found a hide-covered altar of Uskayaw.
  6850 | D:8      | Reached skill level 10 in Armour
  6855 | D:8      | Reached skill level 10 in Shields
  7013 | D:8      | Found a shimmering altar of Xom.
  7013 | D:8      | Found a burning altar of Makhleb.
  7213 | D:8      | Found a basalt altar of Yredelemnul.
  7400 | D:10     | Entered Level 10 of the Dungeon
  7605 | D:9      | Found the +9 staff of Olgreb {rPois∞}
  7612 | D:9      | Found a runed translucent door.
  7627 | D:9      | Found a runed translucent door.
  7632 | D:9      | Noticed a black mamba
  7632 | D:9      | Noticed a black mamba
  7632 | D:9      | Noticed a black mamba
  7633 | D:9      | Found a runed translucent gate.
  7633 | D:9      | Found a runed translucent gate.
  7703 | D:9      | Found a glowing silver altar of Zin.
  7753 | D:9      | Found a runed translucent gate.
  8311 | D:10     | Reached XP level 11. HP: 90/97 MP: 10/13
  8412 | D:10     | Noticed Sonja
  8420 | D:10     | Paralysed by Sonja for 7 turns
  8429 | D:10     | Killed Sonja
  8478 | D:10     | Noticed Harold
  8496 | D:10     | Killed Harold
  8497 | D:10     | Reached skill level 5 in Invocations
  8569 | D:10     | Reached skill level 10 in Fighting
  9196 | D:11     | Found a staircase to the Lair.
  9293 | Lair:1   | Entered Level 1 of the Lair of Beasts
  9363 | Lair:1   | Noticed Fannar
  9386 | Lair:1   | Killed Fannar
  9602 | Lair:1   | Noticed Joseph
  9629 | Lair:1   | Killed Joseph
 10319 | Lair:2   | Noticed Maggie
 10327 | Lair:2   | Killed Maggie
 10333 | Lair:2   | Reached XP level 12. HP: 106/106 MP: 15/17
 10839 | Lair:2   | Reached ****** piety under Lugonu
 11058 | Lair:3   | Noticed a boulder beetle
 11068 | Lair:3   | Killed a boulder beetle
 11118 | Lair:3   | Noticed a seven-headed hydra
 11158 | Lair:3   | Killed a seven-headed hydra
 11259 | Lair:3   | Reached skill level 10 in Invocations
 11409 | Lair:3   | Noticed an eight-headed hydra
 11646 | D:11     | Found a staircase to the Orcish Mines.
 12636 | D:12     | Noticed a four-headed hydra
 12654 | D:12     | Killed a four-headed hydra
 12655 | D:12     | Reached XP level 13. HP: 87/113 MP: 15/21
 12792 | D:12     | Found Sopanuhe's Weapon Shop.
 12932 | D:12     | Found a transporter.
 12932 | D:12     | Noticed Crownlay's ghost (journeyman GrEE)
 12941 | D:12     | Found a transporter.
 13048 | D:12     | Noticed Maurice
 13059 | D:12     | Killed Maurice
 13076 | D:12     | Reached skill level 1 in Evocations
 13264 | D:12     | Noticed Azrael
 13277 | D:12     | Killed Azrael
 13456 | D:12     | You fall into a shaft and drop 1 floor!
 14077 | Lair:3   | Reached skill level 5 in Evocations
 14429 | Lair:4   | Noticed Josephine
 14459 | Lair:4   | Killed Josephine
 14475 | Lair:4   | Reached XP level 14. HP: 121/121 MP: 23/23
 14487 | Lair:4   | Found a glowing golden altar of the Shining One.
 14509 | Lair:4   | Noticed Nessos
 14524 | Lair:4   | HP: 5/121 [Nessos/arrow (13)]
 14529 | Lair:4   | Killed Nessos
 14678 | Lair:4   | Found a staircase to the Snake Pit.
 14715 | Lair:4   | Reached skill level 1 in Throwing
 14776 | Lair:4   | Noticed Nergalle
 14798 | Lair:4   | Killed Nergalle
 15242 | Lair:4   | Found a staircase to the Swamp.
 15518 | Lair:5   | Found a viscous altar of Jiyva.
 15527 | Lair:5   | Found a staircase to the Slime Pits.
 16172 | Lair:5   | Reached skill level 5 in Throwing
 16525 | Lair:6   | Entered Level 6 of the Lair of Beasts
 16563 | Lair:5   | Reached skill level 15 in Invocations
 16839 | Lair:6   | Paralysed by a hornet for 2 turns
 17036 | Lair:6   | Reached XP level 15. HP: 126/126 MP: 23/25
 17182 | Lair:6   | Identified a scroll of acquirement
 17183 | Lair:6   | Acquired the +0 chain mail of Moral Flaws {rPois Will+
                  | SInv}
 17643 | Lair:6   | Reached skill level 15 in Shields
 17778 | Lair:6   | Found the +8 trident of the Octopus King {venom, rElec
                  | rPois Will+}
 17792 | Lair:6   | Identified the amulet "Wekyor" {Reflect rPois rN+ Regen+
                  | SH+5}
 18512 | D:13     | Found Ylaz's Jewellery Boutique.
 18524 | D:13     | Found a gate to the Vaults.
 18678 | D:13     | Reached skill level 10 in Throwing
 19219 | D:14     | Found a gate leading to a gauntlet.
 19260 | Gauntlet | Entered a Gauntlet
 19260 | Gauntlet | Found a transporter.
 19260 | Gauntlet | Found a transporter.
 19260 | Gauntlet | Found a transporter.
 19263 | Gauntlet | Found a transporter.
 19264 | Gauntlet | Found a transporter.
 19267 | Gauntlet | Found a transporter.
 19274 | Gauntlet | Found a transporter.
 19275 | Gauntlet | Found a transporter.
 19276 | Gauntlet | Found a transporter.
 19343 | Gauntlet | Found a transporter.
 19346 | Gauntlet | Identified the ring of Sajoruxe {rPois rN+ rCorr EV+4
                  | Int+3}
 19354 | Gauntlet | Found a transporter.
 19390 | Gauntlet | Found a transporter.
 19589 | D:14     | Found a runed translucent door.
 19590 | D:14     | Noticed a sphinx
 19713 | D:14     | Noticed Jorgrun
 19727 | D:14     | Killed Jorgrun
 20057 | D:14     | Paralysed by a sphinx for 6 turns
 20061 | D:14     | HP: 2/136 [orc knight (20)]
 20062 | D:14     | Slain by a sphinx

Illustrated notes

Levels and vault maps discovered:
D:1:      nicolae_arrival_washed_ashore, layout_basic, serial_shops, shop,
          ebering_ecumenical_altar_mist, minmay_split_cup_large
D:2:      layout_basic, uniq_sigmund, uniq_terence
D:3:      layout_basic
D:4:      layout_basic, fedhas_altar_4, nicolae_overflow_quartered_altars,
          mainiacjoe_overflow_catwalk_spiral
D:5:      layout_basic, nemelex_diamond_rough_becter, gammafunk_ghost_grave,
          uniq_pikel
D:6:      wander_river, layout_cave_pools, riverfiend_overflow_shadow_ancestor,
          grunt_ministairs_5
D:7:      layout_cave_pools, temple_fountains, serial_shops,
          nicolae_shop_temple_entry_statues_fountains, minivault_10
D:8:      layout_loops_ring, grunt_temple_overflow_champion_of_chaos,
          nicolae_uskayaw_en_pointe, lemuel_crystal_altar,
          lemuel_mausoleum_altar_yredelemnul, serial_shops,
          nicolae_lakefront_shop, shop, shop, minmay_manual_monolith
D:9:      layout_cross, zin_treasury, minmay_guarded_unrand_staff_of_olgreb
D:10:     layout_roguey, uniq_sonja, uniq_harold
D:11:     layout_roguey, erik_lair_island, zombieorc2_lemuel,
          portal_ice_cave_entry_ice_simulacra, grunt_ministairs_11
D:12:     layout_basic, gammafunk_ghost_mausoleum, serial_shops, shop,
          minivault_1, bh_circular_ruins, uniq_maurice, uniq_azrael
D:13:     layout_roguey, erik_vaults_1, serial_shops, shop
D:14:     layout_basic, gauntlet_entry_generic, minmay_crystal_water,
          minivault_13, uniq_jorgrun
Lair:1:   layout_regular_city, chequers_serial_rivers_micro_c, minivault_19,
          uniq_joseph, uniq_fannar
Lair:2:   layout_roguey, serial_rivers, chequers_serial_rivers_micro_b,
          chequers_serial_rivers_micro_b, chequers_serial_rivers_micro_e,
          chequers_serial_rivers_micro_d, chequers_serial_rivers_large_b,
          serial_bayou_lagoon_a, infiniplex_staircase_pool, uniq_maggie
Lair:3:   layout_loops_ring, serial_bayou_pond_b, grunt_megastairs_1
Lair:4:   layout_hall_layers, skrybe_swamp_entry_bodies,
          guppyfry_snake_entry_garden, basic_altar, lemuel_fruit_fields,
          uniq_nergalle, uniq_josephine, uniq_nessos
Lair:5:   layout_loops_ring, slime_altar_1, forest_entry_grove
Lair:6:   gammafunk_lair_ancient_temple, layout_big_grid

Skill      XL: |  1  2  3  4  5  6  7  8  9 10 11 12 13 14 15 |
---------------+----------------------------------------------+-----
Fighting       | 4 7 8 9 10 13 | 13.2
Long Blades    | 5 9 10 11 13 14 | 14.0
Armour         | 5 9 10 | 10.0
Shields        | 4 8 10 12 14 15 | 15.0
Invocations    | 4 8 12 14 15 | 15.0
Evocations     | 5 |  5.0
Throwing       | 6 10 | 10.0
Dodging        | |  1.1

Action                   |  1- 3 |  4- 6 |  7- 9 | 10-12 | 13-15 || total
-------------------------+-------+-------+-------+-------+-------++-------
Melee: Falchion          |    46 |    91 |   265 |   805 |   113 ||  1320
       Headbutt          |     5 |    11 |    86 |   247 |   287 ||   636
       Morningstar       |       |       |       |    14 |       ||    14
       Scimitar          |       |       |       |       |   965 ||   965
Throw: Dart              |       |       |     6 |     3 |    11 ||    20
       Javelin           |       |       |       |       |     1 ||     1
Evoke: Wand              |       |       |       |       |     8 ||     8
  Use: Potion            |       |     1 |       |     2 |     6 ||     9
       Scroll            |       |       |       |       |    28 ||    28
 Stab: Petrified         |       |       |       |       |     3 ||     3
       Invisible         |       |       |       |       |     2 ||     2
Armor: Leather armour    |     7 |       |       |       |       ||     7
       Ring mail         |    16 |    31 |     7 |       |       ||    54
       Plate armour      |       |       |    91 |   303 |   313 ||   707
       Chain mail        |       |       |     6 |       |       ||     6
Dodge: Dodged            |    27 |    49 |   112 |   201 |   215 ||   604
Block: Kite shield       |       |       |   121 |   428 |   595 ||  1144
       Reflection        |       |       |       |       |     9 ||     9
       Rpst.: Falchion   |     8 |    11 |    20 |    44 |     4 ||    87
       Scimitar          |       |       |       |       |    44 ||    44
